 Dungeon Crawl Stone Soup version 0.30.1-3-gfc49f6343a (webtiles) character file.

Game seed: 9073163597530083997

2775 DemonSlayer the Digger (level 9, 0/59 HPs)
             Began as a Demonspawn Earth Elementalist on July 20, 2023.
             Slain by a wolf (4 damage)
             ... led by Grum
             ... on level 8 of the Dungeon.
             The game lasted 00:18:40 (8823 turns).

DemonSlayer the Digger (DsEE)                       Turns: 8823, Time: 00:18:41

Health: 0/59       AC:  9    Str:  6    XL:     9   Next: 42%
Magic:  0/28       EV: 13    Int: 16    God:
Gold:   441        SH:  0    Dex: 19    Spells: 7/21 levels left

rFire   + . .        x - +2 dagger (speed)
rCold   + + +        k - orb {*channel}
rNeg    . . .        a - +1 robe
rPois   .            (no helmet)
rElec   .            u - +1 cloak
rCorr   .            (no gloves)
SInv    +            (no boots)
Will    .....        B - amulet of Cheibriados's Anger {Spirit rC+++ Str-2 SInv}
Stlth   ++           n - ring of protection from cold
HPRegen 0.29/turn    D - ring of magical power
MPRegen 0.21/turn

%: guardian spirit, channel magic (20%)
@: confused, ambrosia-drunk
A: claws 2, molten scales 3, demonic magic 1
a: no special abilities


You were on level 8 of the Dungeon.
You visited 2 branches of the dungeon, and saw 10 of its levels.

You collected 441 gold pieces.

Inventory:

Hand Weapons
 x - a +2 dagger of speed (weapon)
Missiles
 q - a curare-tipped dart
Armour
 a - a +1 robe (worn)
 k - an orb of energy (worn)
 u - a +1 cloak (worn)
Jewellery
 n - a ring of protection from cold (left claw)
 w - a ring of protection from cold
 B - the amulet of Cheibriados's Anger (around neck) {Spirit rC+++ Str-2 SInv}
   (You found it on level 7 of the Dungeon)

   [amulet of guardian spirit]

   It causes incoming damage to be divided between your reserves of health and
   magic.
   Str:       It affects your strength (-2).
   rC:        It renders you almost immune to cold.
   SInv:      It lets you see invisible.
 D - a ring of magical power (right claw)
Wands
 r - a wand of polymorph (6)
 v - a wand of light (7)
 E - a wand of paralysis (8)
Scrolls
 f - a scroll of vulnerability
 g - a scroll of teleportation {unknown}
 j - 2 scrolls of enchant armour
 l - 2 scrolls of amnesia
 s - a scroll of immolation
 y - 2 scrolls of identify
 C - a scroll of acquirement
Potions
 b - 2 potions of lignification {unknown}
 c - 2 potions of degeneration
 e - 2 potions of magic
 h - a potion of flight {unknown}
 o - a potion of mutation
 p - 2 potions of curing
 z - 3 potions of attraction {unknown}


   Skills:
 + Level 1.4 Fighting
 + Level 2.7 Short Blades
 + Level 3.0 Dodging
 + Level 6.9 Stealth
 + Level 6.8 Spellcasting
 + Level 0.8 Transmutations
 + Level 7.1 Earth Magic


You had 7 spell levels left.
You knew the following spells:

 Your Spells              Type           Power      Damage    Failure   Level
a - Sandblast             Erth           56%        2d13      4%          1
b - Stone Arrow           Conj/Erth      32%        3d9       22%         3
c - Passwall              Tmut/Erth      15%        N/A       12%         2
d - Petrify               Tmut/Erth      18%        N/A       45%         4
e - Dispel Undead         Necr           5%         3d7       90%         4

Your spell library contained the following spells:

 Spells                   Type           Power      Damage    Failure   Level
 Kiss of Death            Conj/Necr      20%        2d7       30%         1
 Wereblood                Tmut           8%         N/A       32%         2
 Ensorcelled Hibernation  Hex/Ice        10%        N/A       38%         2
 Sublimation of Blood     Necr           5%         N/A       38%         2
 Spider Form              Tmut/Pois      6%         N/A       54%         3
 Confusing Touch          Hex            5%         N/A       58%         3
 Anguish                  Hex/Necr       2%         N/A       90%         4
 Summon Forest            Summ/Tloc      2%         N/A       99%         5
 Eringya's Noxious Bog    Tmut/Pois      3%         N/A       100%        6
 Summon Hydra             Summ           2%         N/A       100%        7


Dungeon Overview and Level Annotations

Branches:
Dungeon (9/15)             Temple (1/1) D:7            Lair (0/5) D:8
    Orc: D:9-12

Altars:
Ashenzari
Cheibriados
Dithmenos
Fedhas
Gozag
Hepliaklqana
Kikubaaqudgha
Makhleb
Nemelex Xobeh
Okawaru
Qazlal
Sif Muna
Trog
Uskayaw
Vehumet
Wu Jian
Xom
Yredelemnul
Lugonu

Shops:
D:5 *   D:6 =

Annotations:
D:8 Grum


Innate Abilities, Weirdness & Mutations

You have very sharp fingernails.
You are completely covered in molten scales. (AC +4, rF+)
Spells you cast may paralyse adjacent enemies.


Message History

Unknown command.
Okay, then.
The air fills with toxic fumes!
As you read the scroll labelled PEIWASERIT, it crumbles to dust.
It was a scroll of poison.
The wolf completely misses you. The wolf bites you. The wyvern bites you.
* * * LOW HITPOINT WARNING * * *
The orc closely misses you. The wolf bites you but does no damage.
The water moccasin barely misses you.
Unknown command.
Unknown command.
As you read the scroll labelled KOCSAU ELOD, it crumbles to dust.
You feel aware of your surroundings.
You sensed 1 altar.
It was a scroll of magic mapping.
The wolf closely misses you.
The water moccasin bites you but does no damage.
The wyvern barely misses you. The wolf misses you.
The orc hits you with a +0 dagger. The wolf bites you but does no damage.
The water moccasin bites you.
* * * LOW HITPOINT WARNING * * *
The water moccasin completely misses you.
The wyvern bites you.
* * * LOW HITPOINT WARNING * * *
Unknown command.
Unknown command.
Unknown command.
This is a scroll of acquirement!
You feel better. The wolf completely misses you. The wolf closely misses you.
The water moccasin misses you. The water moccasin bites you.
* * * LOW HITPOINT WARNING * * *
The wyvern barely misses you. The wolf bites you but does no damage.
The orc hits you with a +0 dagger.
* * * LOW HITPOINT WARNING * * *
The wolf bites you.
* * * LOW HITPOINT WARNING * * *
Unknown command.
Unknown command.
It was a potion of ambrosia.
You are confused.
You feel invigorated. The wolf bites you!
You die...

##......#,,,,,,,,,,*
#....§§.#,,..,,,,,,*
#####.###§###....,,,,,,* #
######.....##.§§......,,,,,,* #
#......###....§###....,,,,,,*
####.####.....###§# *,,..,,,,,,*
.....##..§##### #§##*,,,,,,,,,,*
.........§§§§####o§###***,,*****
..#...#####§§§§S@h§§§# *,**
..)<###**#§§§§§lSh§§§#***,**
..).#* *,§§§§§§§§$§§§#*,,,,*
.....# *,§########§###*,,,,*
.#.#.# **,,,******§#**,,,,,*
.#...# ***,,,,,**§#,,,,,,,*
.##..#* *****,**.§,**,,,,*
.**...*********,*,.§**,,*,**
***...,,,,,,,,,,,,...*,,*,*


You could see 2 water moccasins, a wyvern, 2 wolves and an orc.

Vanquished Creatures
  Psyche (D:8)
  A wyvern (D:7)
  Eustachio (D:5)
  A yak (D:8)
  A water moccasin (D:5)
  3 orc warriors
  4 ice beasts
  A sky beast (D:6)
  3 ogres
  A centaur (D:7)
  A kobold brigand (D:7)
  2 bullfrogs
  A scorpion (D:4)
  A jelly (D:6)
  4 hounds
  Crazy Yiuf (D:5)
  A sleepcap (D:6)
  4 iguanas
  4 orc wizards
  Robin (D:2)
  4 gnolls (D:4)
  6 adders
  A shadow imp (D:6)
  A white imp (D:7)
  2 ufetubi
  2 worms
  3 dart slugs
  12 orcs
  3 bats (D:2)
  6 endoplasms
  3 giant cockroaches (D:1)
  20 goblins
  8 hobgoblins
  4 jackals (D:2)
  6 quokkas
  7 ball pythons
  2 frilled lizards
  7 kobolds
  4 rats
138 creatures vanquished.

Notes
Turn   | Place    | Note
-------+----------+-------------------------------------------
     0 | D:1      | DemonSlayer the Demonspawn Earth Elementalist began the
                  | quest for the Orb.
     0 | D:1      | Reached XP level 1. HP: 13/13 MP: 3/3
   226 | D:1      | Reached skill level 3 in Earth Magic
   272 | D:1      | Gained mutation: You have sharp fingernails. [demonic
                  | ancestry]
   272 | D:1      | Reached XP level 2. HP: 19/19 MP: 3/5
   718 | D:2      | Noticed Robin
  1318 | D:2      | Gained mutation: You are partially covered in molten
                  | scales. (AC +2) [demonic ancestry]
  1318 | D:2      | Reached XP level 3. HP: 15/24 MP: 6/6
  1665 | D:3      | Found a hide-covered altar of Uskayaw.
  1705 | D:3      | Found a hazy altar of Hepliaklqana.
  1935 | D:3      | Found a blossoming altar of Fedhas.
  2106 | D:3      | Gained mutation: Spells you cast may paralyse adjacent
                  | enemies. [demonic ancestry]
  2106 | D:3      | Reached XP level 4. HP: 28/31 MP: 3/7
  3338 | D:2      | Killed Robin
  3685 | D:2      | Learned a level 3 spell: Stone Arrow
  3688 | D:2      | Learned a level 2 spell: Passwall
  3763 | D:4      | Reached skill level 1 in Short Blades
  3827 | D:4      | Noticed a scorpion
  3832 | D:4      | Killed a scorpion
  3833 | D:4      | Reached skill level 4 in Earth Magic
  3833 | D:4      | Gained mutation: You are mostly covered in molten scales.
                  | (AC +3) [demonic ancestry]
  3833 | D:4      | Reached XP level 5. HP: 36/36 MP: 6/9
  3970 | D:4      | Reached skill level 1 in Fighting
  4785 | D:5      | Entered Level 5 of the Dungeon
  4790 | D:5      | Reached XP level 6. HP: 40/43 MP: 9/11
  4828 | D:5      | Noticed a water moccasin
  4839 | D:5      | Killed a water moccasin
  5085 | D:5      | Found a shimmering altar of Xom.
  5085 | D:5      | Noticed an angel
  5148 | D:5      | Noticed Eustachio
  5162 | D:5      | Killed Eustachio
  5163 | D:5      | Reached XP level 7. HP: 48/48 MP: 8/13
  5350 | D:5      | Found a runed translucent door.
  5351 | D:5      | Noticed Crazy Yiuf
  5597 | D:5      | Found Bugouho's Fire Supplies.
  5656 | D:5      | Found a broken altar of Ashenzari.
  5990 | D:5      | Killed Crazy Yiuf
  5991 | D:5      | Reached skill level 5 in Earth Magic
  6274 | D:6      | Gained mutation: You have very sharp fingernails. [demonic
                  | ancestry]
  6274 | D:6      | Reached XP level 8. HP: 54/54 MP: 15/15
  6434 | D:6      | Found a radiant altar of Vehumet.
  6446 | D:6      | Found Roxap's Jewellery Shop.
  6997 | D:6      | Reached skill level 5 in Spellcasting
  7218 | D:6      | Reached skill level 5 in Stealth
  7406 | D:6      | Learned a level 4 spell: Petrify
  7411 | D:6      | Learned a level 4 spell: Dispel Undead
  7422 | D:7      | Found an opulent altar of Gozag.
  7422 | D:7      | Found a sparkling altar of Nemelex Xobeh.
  7469 | D:7      | Reached skill level 6 in Earth Magic
  7785 | D:7      | Found a staircase to the Ecumenical Temple.
  7815 | D:7      | Identified the amulet of Cheibriados's Anger {Spirit rC+++
                  | Str-2 SInv}
  7850 | Temple   | Entered the Ecumenical Temple
  8007 | D:7      | Found a shadowy altar of Dithmenos.
  8249 | D:7      | Found a snail-covered altar of Cheibriados.
  8317 | D:7      | Gained mutation: You are completely covered in molten
                  | scales. (AC +4, rF+) [demonic ancestry]
  8317 | D:7      | Reached XP level 9. HP: 58/59 MP: 18/18
  8581 | D:8      | Noticed Psyche
  8588 | D:8      | Killed Psyche
  8595 | D:8      | Reached skill level 7 in Earth Magic
  8595 | D:8      | Noticed Grum
  8822 | D:8      | Identified a scroll of acquirement
  8822 | D:8      | HP: 1/59 [wolf[Grum] (4)]
  8823 | D:8      | Slain by a wolf

Illustrated notes

Levels and vault maps discovered:
D:1:      roderic_crop_circles_arrival_small, layout_loops_cross,
          minmay_close_crescents
D:2:      layout_basic, serial_park_tiny_2, minmay_surrounded, uniq_robin
D:3:      layout_basic, mainiacjoe_overflow_boulevard,
          mainiacjoe_overflow_six_doors_small, marbit_many_paths
D:4:      layout_loops_ring, minmay_misc_feat_x
D:5:      layout_loops_cross, grunt_temple_overflow_order_and_chaos_1,
          nicolae_ashenzari_panopticon, kennysheep_big_empty_room,
          nicolae_shop_fire_sale [nicolae_sub_dead_trees],
          chequers_serial_rivers_small_a, uniq_crazy_yiuf_cottage,
          uniq_eustachio
D:6:      layout_layer_cave, overflow_temple_1_default, elyvilon_altar_4,
          serial_shops, nicolae_shop_tiny_real_fake_doors, minmay_ogre_servants
D:7:      layout_basic, nicolae_dithmenos_shadow_blocks,
          cheibrodos_worm_habitat, grunt_temple_overflow_opulence,
          minmay_temple_entry_arrows
D:8:      layout_rooms, lemuel_coloured_pillars_altar, minmay_lair_entry_grove,
          uniq_psyche, uniq_grum
D:9:      layout_grid_maze, grunt_decor_arrowhead
Temple:   kb_corrupted_temple

Skill      XL: |  1  2  3  4  5  6  7  8  9 |
---------------+----------------------------+-----
Dodging        | 2 3 |  3.0
Earth Magic    | 3 4 5 6 7 |  7.1
Stealth        | 2 3 4 6 |  6.9
Short Blades   | 1 2 |  2.7
Spellcasting   | 3 4 6 |  6.8
Fighting       | 1 |  1.4
Transmutations | |  0.8

Action                     |  1- 3 |  4- 6 |  7- 9 || total
---------------------------+-------+-------+-------++-------
  Melee: Rapier            |    55 |    28 |       ||    83
         Unarmed           |     2 |       |       ||     2
         Dagger            |       |     9 |    43 ||    52
   Cast: Sandblast         |    56 |    58 |    86 ||   200
    Use: Potion            |     1 |       |     5 ||     6
         Scroll            |       |       |    13 ||    13
   Stab: Sleeping          |     4 |     3 |    10 ||    17
         Paralysed         |       |    19 |    23 ||    42
 Armour: Robe              |    28 |    19 |    42 ||    89
  Dodge: Dodged            |    75 |    46 |    93 ||   214
